 Dungeon Crawl Stone Soup version 0.21-a0-368-g45f8505 (webtiles) character file.

190 EnegeticOcto the Slasher (level 5, 0/47 HPs)
             Began as a Draconian Berserker on Oct 15, 2017.
             Was a Believer of Trog.
             Slain by Duvessa
             ... wielding a +0 short sword
              (4 damage)
             ... on level 4 of the Dungeon.
             The game lasted 00:04:25 (2971 turns).

EnegeticOcto the Slasher (Draconian Berserker)      Turns: 2971, Time: 00:04:26

Health: 0/47       AC:  7    Str: 19    XL:     5   Next: 41%
Magic:  5/5        EV: 13    Int: 13    God:    Trog [**....]
Gold:   184        SH:  0    Dex: 11    Spells: 4/4 levels left

rFire    . . .     SeeInvis .   a - +0 falchion
rCold    . . .     Gourm    .   (no shield)
rNeg     . . .     Faith    .   (armour unavailable)
rPois    .         Spirit   .   (helmet restricted)
rElec    .         Reflect  .   n - +0 cloak
rCorr    .         Harm     .   j - +0 pair of gloves
MR       ++...                  (no boots)
Stlth    +.........             (no amulet)
HPRegen  1.15/turn              (no ring)
MPRegen  0.09/turn              (no ring)

@: brilliant, lethally poisoned (0 -> -2), berserk cooldown, starving,
regenerating, slowed, very slow
A: unfitting armour, cold-blooded, AC +5
a: Berserk, Trog's Hand, Burn Spellbooks, Renounce Religion


You were on level 4 of the Dungeon.
You worshipped Trog.
Trog was pleased with you.
You were starving.

You visited 1 branch of the dungeon, and saw 4 of its levels.

You collected 184 gold pieces.

Inventory:

Hand Weapons
 a - a +0 falchion (weapon)
Armour
 j - a +0 pair of gloves (worn)
 n - a +0 cloak (worn)
Scrolls
 c - a scroll of fear {unknown}
 d - a scroll of enchant armour {unknown}
 e - 3 scrolls of identify {unknown}
 h - a scroll of teleportation {unknown}
 o - a scroll of remove curse {unknown}
Potions
 f - a potion of brilliance
 g - a potion of mutation {unknown}
 i - a potion of heal wounds {unknown}
 m - a potion of haste {unknown}
Comestibles
 b - 3 bread rations
 k - a royal jelly
 l - 2 meat rations


   Skills:
 + Level 4.3 Fighting
 * Level 4.9 Long Blades
 + Level 3.6 Dodging


You had 4 spell levels left.
You didn't know any spells.

Dungeon Overview and Level Annotations

Branches:
Dungeon (4/15)
 Temple: D:4-7

Altars:
Qazlal

Annotations:
D:4 Dowan, Duvessa


Innate Abilities, Weirdness & Mutations

Your plain brown scales are hard. (AC +5)
You cannot fit into any form of body armour.
You are cold-blooded and may be slowed by cold attacks.


Message History

You feel clever all of a sudden.
You feel sick. Dowan misses you. Duvessa hits you with a short sword.
* * * LOW HITPOINT WARNING * * *
Dowan barely misses you.
You riposte.
You slash Dowan!
Your tail-slap misses Dowan.
Dowan is moderately wounded.
Duvessa hits you with a short sword!
* * * LOW HITPOINT WARNING * * *
Okay, then.
You feel very sick.
You closely miss Dowan.
Dowan is moderately wounded.
You feel sick. Dowan hits you but does no damage.
You are more poisoned.
You closely miss Duvessa.
Duvessa is severely wounded.
* * * LOW HITPOINT WARNING * * *
You feel very sick. Duvessa hits you with a short sword.
You die...

####### ..... ##
.... .. ?.. .# #.#
#.#### #.####.#
......# #ee@...#
...##.# ##'######
....#.# ##...##
......# ##.....##
....#.# ##.......#
...##.####.........#
.........'.........+
##....####.........#
.....## ##.......##


You could see Duvessa and Dowan.

Vanquished Creatures
  A hound (D:4)
  2 worker ants (D:4)
  A hound skeleton (D:4)
  An adder (D:3)
  3 oozes
  2 worms
  A dart slug (D:2)
  2 leopard geckos
  6 orcs (D:3)
  A ball python (D:2)
  3 giant cockroaches
  8 goblins
  11 hobgoblins
  3 jackals (D:1)
  A quokka (D:2)
  4 bats
  A frilled lizard (D:1)
  7 kobolds
  4 rats
62 creatures vanquished.

Notes
Turn   | Place    | Note
-------+----------+-------------------------------------------
     0 | D:1      | EnegeticOcto the Draconian Berserker began the quest for the Orb.
     0 | D:1      | Reached XP level 1. HP: 19/19 MP: 1/1
   264 | D:1      | Reached XP level 2. HP: 26/26 MP: 2/2
   994 | D:2      | Found a stormy altar of Qazlal.
  1031 | D:2      | Reached ** piety under Trog
  1031 | D:2      | Reached XP level 3. HP: 31/31 MP: 3/3
  1747 | D:3      | Reached XP level 4. HP: 40/40 MP: 4/4
  2593 | D:4      | Reached XP level 5. HP: 40/46 MP: 5/5
  2952 | D:4      | Noticed Duvessa
  2953 | D:4      | Noticed Dowan
  2971 | D:4      | Slain by Duvessa

Vault maps used:
D:1:      dpeg_arrival_long_road, minmay_strange_pillars
D:2:      nicolae_qazlal_general_emergency
D:3:      columned_hall_lemuel
D:4:      minmay_temple_entry_poolview, uniq_duvessa, uniq_blork_the_orc

Skill      XL: |  1  2  3  4 |
---------------+-------------+-----
Dodging        | 3 |  3.6
Long Blades    | 4 |  4.9
Fighting       | 4 |  4.3

Action                   |  1- 3 |  4- 6 || total
-------------------------+-------+-------++-------
Melee: Falchion          |   115 |    77 ||   192
       Tailslap          |    12 |    15 ||    27
Invok: Berserk           |       |     1 ||     1
       Trog's Hand       |       |     1 ||     1
  Use: Potion            |       |     1 ||     1
  Eat: Chunk             |     3 |     2 ||     5
       Fruit             |       |     1 ||     1
Armor: Skin              |    24 |    18 ||    42
Dodge: Dodged            |    95 |    57 ||   152
       Rpst.: Falchion   |    38 |    23 ||    61

Table legend:
 A = Spawn XP
 B = Non-spawn XP
 C = Spawn XP percentage of total XP
 D = Spawn monster count
 E = Non-spawn monster count
 F = Spawn count percentage of total count
 G = Total turns spent on level
                    A         B        C        D         E        F      G
               +---------+---------+-------+---------+---------+-------+---------
         Total |       0 |     272 |   0.0 |       0 |      62 |   0.0 |  2971
               +---------+---------+-------+---------+---------+-------+---------
           D:1 |       0 |      33 |   0.0 |       0 |      17 |   0.0 |   800
           D:2 |       0 |      44 |   0.0 |       0 |      21 |   0.0 |   736
           D:3 |       0 |      70 |   0.0 |       0 |      20 |   0.0 |   794
           D:4 |       0 |     125 |   0.0 |       0 |       4 |   0.0 |   641
               +---------+---------+-------+---------+---------+-------+---------
